 Dungeon Crawl Stone Soup version 0.22.1-6-g1668fe2c40 (webtiles) character file.

150126 Peloso the Peltast (level 16, -2/150 HPs)
             Began as a Minotaur Fighter on Jan 26, 2019.
             Was the Champion of Okawaru.
             Drowned by a drowned soul (16 damage)
             ... summoned by a merfolk avatar
             ... on level 4 of the Shoals.
             The game lasted 01:43:53 (34132 turns).

Peloso the Peltast (Minotaur Fighter)              Turns: 34132, Time: 01:43:53

Health: -2/150     AC: 21    Str: 28    XL:     16   Next: 98%
Magic:  17/17      EV: 16    Int:  6    God:    Okawaru [******]
Gold:   1281       SH: 19    Dex: 15    Spells: 15/15 levels left

rFire    . . .     SeeInvis +   b - +5 scimitar (elec)
rCold    + + .     Gourm    .   c - +0 shield
rNeg     . . .     Faith    .   B - +2 chain mail of Okawaru's Hope {rC++ Slay+6 Stlth+}
rPois    .         Spirit   .   (helmet restricted)
rElec    .         Reflect  +   C - scarf {repulsion}
rCorr    .         Harm     .   A - +0 pair of gloves
MR       +....                  F - +1 pair of boots {run}
Stlth    ..........             H - +3 amulet of reflection
HPRegen  0.35/turn              j - +3 ring of strength
MPRegen  0.15/turn              k - ring of the Octopus King {AC+1 EV+1 Str+1 Int+1 Dex+1 SInv}

@: mesmerised, repel missiles, very slow
A: retaliatory headbutt, horns 2
a: Heroism, Finesse, Renounce Religion


You were on level 4 of the Shoals.
You worshipped Okawaru.
Okawaru was exalted by your worship.
You were hungry.

You visited 6 branches of the dungeon, and saw 27 of its levels.
You also visited: Labyrinth.

You collected 2057 gold pieces.
You spent 776 gold pieces at shops.

Inventory:

Hand Weapons
 a - a +1 long sword of electrocution
 b - a +5 scimitar of electrocution (weapon)
 n - a +2 falchion of holy wrath
 O - a +1 short sword of flaming
Armour
 c - a +0 shield (worn)
 x - the +1 chain mail "Qificadd" {Str+4}
   (Okawaru gifted it to you on level 2 of the Shoals)

   It affects your strength (+4).
 A - a +0 pair of gloves (worn)
 B - the +2 chain mail of Okawaru's Hope (worn) {rC++ Slay+6 Stlth+}
   (Okawaru gifted it to you on level 2 of the Lair of Beasts)

   It affects your accuracy and damage with ranged weapons and melee attacks
   (+6).
   It greatly protects you from cold.
   It makes you more stealthy.
 C - a scarf of repulsion (worn)
 F - a +1 pair of boots of running (worn)
 G - a +1 cloak of magic resistance
Jewellery
 j - a +3 ring of strength (left hand)
 k - a ring of the Octopus King (right hand) {AC+1 EV+1 Str+1 Int+1 Dex+1 SInv}
   (You took it off a minotaur in a labyrinth)

   [ring of see invisible]

   It affects your AC (+1).
   It affects your evasion (+1).
   It affects your strength (+1).
   It affects your intelligence (+1).
   It affects your dexterity (+1).
   It lets you see invisible.
 y - an uncursed ring of protection from cold
 H - a +3 amulet of reflection (around neck)
 L - the amulet "Esigigor" {MR++ Regen+ Str+2 Dex-3 SInv}
   (You found it on level 12 of the Dungeon)

   [amulet of regeneration]

   It affects your strength (+2).
   It affects your dexterity (-3).
   It affects your resistance to hostile enchantments.
   It lets you see invisible.
   It increases your rate of regeneration.
 N - an uncursed ring of protection from fire {unknown}
Wands
 p - a wand of enslavement (28)
 u - a wand of acid (1)
 I - a wand of clouds (3)
 J - a wand of disintegration (19)
Scrolls
 e - a scroll of magic mapping
 h - 4 scrolls of noise
 i - 10 scrolls of teleportation
 q - 4 scrolls of identify
 r - 21 scrolls of remove curse
 t - 2 scrolls of enchant armour
 E - a scroll of fear
 M - a scroll of blinking
 P - a scroll of amnesia
Potions
 d - a potion of mutation
 g - 2 potions of resistance
 l - 2 potions of haste
 m - 5 potions of flight
 o - a potion of heal wounds
 s - a potion of ambrosia
 v - 3 potions of agility
 w - 4 potions of curing
 z - 2 potions of invisibility
 D - 3 potions of might
Comestibles
 f - 49 rations


   Skills:
 + Level 15.7 Fighting
 + Level 16.9 Long Blades
   Level 5.7 Axes
 + Level 15.7 Armour
 + Level 9.2 Dodging
 + Level 3.5 Stealth
 + Level 19.0 Shields
 + Level 3.1 Invocations
 + Level 1.2 Evocations


You had 15 spell levels left.
You didn't know any spells.
Your spell library contained the following spells:

 Spells                   Type           Power        Failure   Level  Hunger
 Beastly Appendage        Tmut           #.....       86%         1    ##.....
 Freeze                   Ice            #...         86%         1    ##.....
 Sandblast                Erth           #.....       86%         1    ##.....
 Passwall                 Tmut/Erth      #.......     94%         2    ###....
 Sticks to Snakes         Tmut           #.......     94%         2    ###....
 Throw Frost              Conj/Ice       #.....       94%         2    ###....
 Mephitic Cloud           Conj/Pois/Air  #.......     99%         3    ####...
 Ozocubu's Armour         Chrm/Ice       #.......     99%         3    ####...
 Spider Form              Tmut/Pois      #.........   99%         3    ####...
 Stone Arrow              Conj/Erth      #.....       99%         3    ####...
 Ice Form                 Ice/Tmut       #.......     100%        4    #####..
 Petrify                  Tmut/Erth      #.......     100%        4    #####..
 Summon Ice Beast         Ice/Summ       #.......     100%        4    #####..
 Throw Icicle             Conj/Ice       #.......     100%        4    #####..
 Blade Hands              Tmut           #.........   100%        5    ######.
 Irradiate                Conj/Tmut      #.........   100%        5    ######.
 Lee's Rapid Deconstruct  Erth           #.........   100%        5    ######.
 Metabolic Englaciation   Hex/Ice        #.........   100%        5    ######.
 Yara's Violent Unravell  Hex/Tmut       #.........   100%        5    ######.
 Bolt of Cold             Conj/Ice       #.........   100%        6    #######
 Freezing Cloud           Conj/Ice/Air   #.........   100%        6    #######
 Ozocubu's Refrigeration  Ice            #.........   100%        6    #######
 Simulacrum               Ice/Necr       #.........   100%        6    #######


Dungeon Overview and Level Annotations

Branches:
Dungeon (13/15)            Temple (1/1) D:6            Lair (6/6) D:10
 Shoals (4/4) Lair:2        Snake (0/4) Lair:3        Slime (0/5) Lair:5
    Orc (2/2) D:10            Elf (1/3) Orc:2        Vaults (0/5) D:13

Altars:
Ashenzari
Elyvilon
Fedhas
Gozag
Hepliaklqana
Kikubaaqudgha
Makhleb
Nemelex Xobeh
Okawaru
Qazlal
Ru
Sif Muna
Trog
Uskayaw
Wu Jian
Xom
Yredelemnul
Zin
The Shining One
Beogh

Shops:
D:5 (   D:6 !   D:9 !?:%   Orc:2 :[*[   Elf:1 }

Annotations:
D:13 2 runed doors, Sondor's ghost, journeyman DsFi


Innate Abilities, Weirdness & Mutations

You reflexively headbutt those who attack you in melee.
You have a pair of horns on your head.


Message History

The merfolk avatar is heavily wounded.
The merfolk avatar chants its luring song.
Unknown command.
You closely miss the merfolk avatar.
The merfolk avatar is heavily wounded.
The merfolk avatar chants its luring song.
Unknown command.
Your unstable footing causes you to fumble your attack.
The drowned soul touches you.
* * * LOW HITPOINT WARNING * * *
The drowned soul drowns you!
* * * LOW HITPOINT WARNING * * *
Unknown command.
You feel much better.
The drowned soul returns to the deep!
The drowned soul touches you. The drowned soul drowns you!
* * * LOW HITPOINT WARNING * * *
The merfolk avatar chants its luring song.
Your unstable footing causes you to fumble your attack.
The drowned soul touches you. The drowned soul drowns you!
You die...

≈.... ≈. ≈≈(...###.#
≈≈.....#.. ≈≈........ ..
≈≈......W## ≈≈..
≈......≈≈≈####≈....
......≈≈)m.......≈..
......≈≈@≈≈W≈≈≈..≈..
.##..§)≈W≈W≈≈≈≈≈≈≈..
#...≈≈§≈≈≈≈≈≈≈≈≈..
###..≈≈≈≈≈≈≈≈≈≈..≈.#
....≈≈≈≈≈≈≈≈≈≈≈≈.<..###
....≈≈≈≈.....≈≈≈......≈≈≈
.....≈≈..(((..≈≈......≈≈≈
..##.(.(.###(..≈≈≈≈≈..≈≈≈
..#.....## ##...≈≈≈≈≈≈≈≈≈


You could see a merfolk avatar and 4 drowned souls.

Vanquished Creatures
  Polyphemus (Shoals:2)
  Ilsuiw (Shoals:2)
  An orc warlord (Orc:2)
  A minotaur (Lab)
  2 merfolk impalers
  3 merfolk javelineers
  Harold (Lair:2)
  A merfolk avatar (Shoals:4)
  3 alligator snapping turtles
  2 catoblepae
  8 hydras
  3 merfolk aquamancers
  7 dancing weapons (Elf:1)
  6 two-headed ogres
  2 satyrs (Shoals:2)
  2 tengu warriors
  10 death yaks
  4 orc high priests (Orc:2)
  5 deep elf knights (Elf:1)
  Nergalle (Lair:2)
  12 sea snakes
  2 unseen horrors
  A deep elf archer (Elf:1)
  5 skeletal warriors (D:13)
  A wizard (D:13)
  4 orc knights
  18 harpies
  A necromancer (D:12)
  12 manticores
  An oklob plant (Shoals:2)
  17 fauns
  5 orc sorcerers (Orc:2)
  20 deep elf magi
  3 ugly things
  9 merfolk sirens
  6 cyclopes
  A water nymph (Shoals:1)
  3 elephants (Lair:6)
  4 black mambas
  23 spiny frogs
  Joseph (D:7)
  5 rime drakes
  3 centaur skeletons
  8 komodo dragons
  2 polar bears
  27 merfolk
  9 trolls
  3 wind drakes
  4 tyrant leeches (Lair:6)
  Grinder (D:3)
  2 hornets
  Prince Ribbit (D:7)
  5 dream sheep
  5 snapping turtles
  25 blink frogs
  The ghost of Flure the Shield-Bearer, an amateur TeFi (D:4)
  7 hippogriffs
  5 water elementals
  2 redbacks (Lab)
  13 yaks
  A spriggan (D:8)
  2 air elementals (Elf:1)
  2 wraiths
  4 wyverns
  A fire elemental (Elf:1)
  2 basilisks
  8 vampire mosquitoes
  2 hungry ghosts
  2 wargs
  Menkaure (D:4)
  Edmund (D:6)
  A naga (Lair:3)
  13 water moccasins
  8 porcupines
  A swamp drake (D:10)
  47 orc warriors
  5 sky beasts
  11 ogres
  4 phantoms
  3 ice beasts
  An eye of draining (D:12)
  2 necrophages (D:6)
  4 centaurs
  3 wolves (Lair:1)
  13 crocodiles
  A big kobold (D:8)
  2 earth elementals (Elf:1)
  31 bullfrogs
  A water moccasin skeleton (D:4)
  4 scorpions
  18 killer bees
  An electric eel (Lair:6)
  3 howler monkeys
  3 crimson imps
  2 bullfrog zombies
  6 hounds
  5 centaur zombies
  A jelly (D:10)
  A gnoll shaman (D:4)
  40 orc priests
  5 bullfrog skeletons
  An iguana (D:6)
  27 orc wizards
  5 worker ants
  6 hell rats (Lair:6)
  2 yak simulacra (D:12)
  5 wolf simulacra (D:12)
  A hound zombie (D:6)
  A hound skeleton (D:6)
  10 gnolls
  14 adders
  A shadow imp (D:6)
  2 adder zombies
  An adder skeleton (D:4)
  2 worms (D:3)
  A dart slug (D:2)
  4 leopard geckos
  155 orcs
  3 bats
  5 giant cockroaches
  12 hobgoblins
  2 jackals (D:3)
  5 quokkas
  A ball python (D:5)
  5 frilled lizards
  4 goblins
  A jackal skeleton (D:7)
  15 kobolds
  A leopard gecko skeleton (D:4)
  A quokka skeleton (D:5)
  A quokka zombie (D:6)
  8 rats
  4 river rat simulacra (D:12)
  4 fungi
  4 plants
921 creatures vanquished.

Vanquished Creatures (others)
  A merfolk javelineer (Shoals:3)
  3 satyrs (Shoals:3)
  A deep elf knight (Elf:1)
  A faun (Shoals:3)
  2 centaurs
  2 orc wizards
  12 fungi (Lair:6)
  70 plants
92 creatures vanquished.

Grand Total: 1013 creatures vanquished

Notes
Turn   | Place    | Note
-------+----------+-------------------------------------------
     0 | D:1      | Peloso the Minotaur Fighter began the quest for the Orb.
     0 | D:1      | Reached XP level 1. HP: 19/19 MP: 0/0
   214 | D:1      | Reached XP level 2. HP: 24/27 MP: 1/1
   315 | D:1      | Reached skill level 4 in Shields
   745 | D:2      | Reached XP level 3. HP: 32/33 MP: 2/2
   761 | D:2      | Noticed a scorpion
   771 | D:2      | Killed a scorpion
   771 | D:2      | Reached XP level 4. HP: 29/40 MP: 3/3
  1189 | D:3      | Noticed Grinder
  1201 | D:3      | Reached XP level 5. HP: 22/46 MP: 4/4
  1208 | D:3      | Reached skill level 5 in Long Blades
  1214 | D:3      | Paralysed by Grinder for 6 turns
  1220 | D:3      | Killed Grinder
  1220 | D:3      | Reached skill level 1 in Dodging
  1220 | D:3      | Reached skill level 5 in Shields
  1220 | D:3      | Reached XP level 6. HP: 3/53 MP: 5/5
  1982 | D:3      | Found a faded altar of an unknown god.
  2098 | D:4      | Reached XP level 7. HP: 39/60 MP: 6/6
  2111 | D:4      | Reached skill level 5 in Fighting
  2473 | D:4      | Found a runed door.
  2479 | D:4      | Noticed Flure's ghost (amateur TeFi)
  2769 | D:4      | Reached skill level 5 in Armour
  2857 | D:4      | Noticed Menkaure
  2862 | D:4      | Killed Menkaure
  2862 | D:4      | Reached skill level 6 in Shields
  3074 | D:5      | Entered Level 5 of the Dungeon
  3165 | D:5      | Reached XP level 8. HP: 62/69 MP: 7/7
  3269 | D:5      | Found Fyxeiz's Weapon Shop.
  3332 | D:5      | HP: 3/69 [something/magic dart (2)]
  3598 | D:5      | Found a blossoming altar of Fedhas.
  4013 | D:6      | Found a staircase to the Ecumenical Temple.
  4053 | Temple   | Entered the Ecumenical Temple
  4146 | Temple   | Became a worshipper of Warmaster Okawaru
  4502 | D:6      | Reached skill level 7 in Shields
  4691 | D:6      | Found Gitur's Distillery.
  4716 | D:6      | Reached * piety under Okawaru
  4722 | D:6      | Bought a potion of degeneration for 12 gold pieces
  4722 | D:6      | Bought a potion of mutation for 96 gold pieces
  4817 | D:6      | Noticed Edmund
  4844 | D:6      | Killed Edmund
  4860 | D:6      | Reached XP level 9. HP: 66/75 MP: 8/8
  5164 | D:7      | Noticed Joseph
  5178 | D:7      | Killed Joseph
  5178 | D:7      | Reached skill level 8 in Shields
  5564 | D:7      | Noticed Prince Ribbit
  5917 | D:7      | Killed Prince Ribbit
  5917 | D:7      | Reached skill level 10 in Long Blades
  6102 | D:7      | Reached ** piety under Okawaru
  6903 | D:8      | Reached XP level 10. HP: 82/84 MP: 9/9
  6926 | D:8      | Reached *** piety under Okawaru
  6928 | D:8      | Reached skill level 9 in Shields
  7331 | D:4      | Killed Flure's ghost
  7454 | D:9      | Found Cauxadag's Distillery.
  8136 | D:9      | Found Xeisaso's Food Emporium.
  8208 | D:9      | Found Bexzog's Book Emporium.
  8343 | D:9      | Found Yxod's Magic Scroll Emporium.
  8346 | D:9      | Bought a scroll of teleportation for 39 gold pieces
  8346 | D:9      | Bought a scroll of remove curse for 39 gold pieces
  8564 | D:10     | Entered Level 10 of the Dungeon
  8671 | D:10     | Found a staircase to the Lair.
  9251 | D:10     | Reached skill level 1 in Stealth
  9300 | D:10     | Found a staircase to the Orcish Mines.
  9899 | D:11     | Noticed a cyan ugly thing
  9911 | D:11     | Killed a cyan ugly thing
  9911 | D:11     | Reached **** piety under Okawaru
 10296 | D:11     | Noticed a tengu warrior
 10321 | D:11     | Killed a tengu warrior
 10321 | D:11     | Reached skill level 10 in Shields
 10321 | D:11     | Reached skill level 1 in Invocations
 10680 | D:11     | Got a jewelled scale mail
 10691 | D:11     | Identified the +2 scale mail "Dimap" {rElec rF+ Regen+}
                  | (You found it on level 11 of the Dungeon)
 10786 | Lair:1   | Entered Level 1 of the Lair of Beasts
 10788 | Lair:1   | Reached XP level 11. HP: 94/94 MP: 11/11
 11747 | Lair:2   | Noticed a six-headed hydra
 11768 | Lair:2   | Killed a three-headed hydra
 11768 | Lair:2   | Reached ***** piety under Okawaru
 11880 | Lair:2   | Noticed Harold
 11893 | Lair:2   | Killed Harold
 11893 | Lair:2   | Reached skill level 1 in Axes
 11893 | Lair:2   | Reached skill level 11 in Shields
 11913 | Lair:2   | Reached skill level 5 in Dodging
 11930 | Lair:2   | Received a gift from Okawaru
 11930 | Lair:2   | Reached skill level 10 in Armour
 11963 | Lair:2   | Noticed Nergalle
 11990 | Lair:2   | Killed Nergalle
 12592 | Lair:2   | Received a gift from Okawaru
 12660 | Lair:2   | Got a steaming chain mail {god gift}
 12671 | Lair:2   | Identified the +2 chain mail of Okawaru's Hope {rC++ Slay+6
                  | Stlth+} (Okawaru gifted it to you on level 2 of the Lair of
                  | Beasts)
 12770 | Lair:2   | Reached skill level 12 in Shields
 12796 | Lair:2   | Found a staircase to the Shoals.
 13323 | Lair:3   | Reached XP level 12. HP: 91/104 MP: 12/12
 13656 | D:9      | Bought a scroll of brand weapon for 260 gold pieces
 13656 | D:9      | Bought a scroll of fear for 45 gold pieces
 13656 | D:9      | Bought a scroll of enchant weapon for 97 gold pieces
 13656 | D:9      | Bought a scroll of enchant weapon for 97 gold pieces
 13656 | D:9      | Bought a scroll of identify for 26 gold pieces
 13656 | D:9      | Bought a scroll of identify for 26 gold pieces
 13656 | D:9      | Bought a scroll of random uselessness for 13 gold pieces
 13656 | D:9      | Bought a scroll of identify for 26 gold pieces
 14248 | D:12     | Noticed a five-headed hydra
 14264 | D:12     | Killed a three-headed hydra
 14758 | D:12     | Got a fine silver amulet
 14904 | D:12     | Identified the amulet "Esigigor" {MR++ Regen+ Str+2 Dex-3
                  | SInv} (You found it on level 12 of the Dungeon)
 14985 | D:12     | Reached skill level 13 in Shields
 15422 | D:13     | Noticed a two-headed ogre
 15426 | D:13     | Killed a two-headed ogre
 15432 | D:13     | Reached ****** piety under Okawaru
 15432 | D:13     | Reached skill level 10 in Fighting
 15498 | D:13     | Noticed a two-headed ogre
 15505 | D:13     | Killed a two-headed ogre
 15505 | D:13     | Received a gift from Okawaru
 15543 | D:13     | Noticed a tengu warrior
 15574 | D:13     | Killed a tengu warrior
 15577 | D:13     | Reached XP level 13. HP: 103/114 MP: 11/13
 15635 | D:13     | Found a large runed door.
 15635 | D:13     | Found a large runed door.
 15639 | D:13     | Noticed Sondor's ghost (journeyman DsFi)
 15763 | D:13     | Received a gift from Okawaru
 15766 | D:13     | Reached skill level 14 in Shields
 15916 | D:13     | Found a gate to the Vaults.
 16589 | Lair:3   | Found a staircase to the Snake Pit.
 17082 | Lair:4   | Reached skill level 1 in Evocations
 18353 | Lair:5   | Found a frozen archway.
 18374 | Lair:5   | Found a labyrinth entrance.
 18383 | Lab      | Entered a labyrinth
 19029 | Lab      | Noticed a minotaur
 19046 | Lab      | Killed a minotaur
 19048 | Lab      | Got a ring of the Octopus King
 19049 | Lab      | Identified a ring of the Octopus King {AC+1 EV+1 Str+1
                  | Int+1 Dex+1 SInv} (You took it off a minotaur in a
                  | labyrinth)
 19055 | Lab      | Got a twisted morningstar
 19375 | Lair:5   | Identified the +3 morningstar of Xelunoyr {crush, rPois rN+
                  | Dex-5} (You found it in a labyrinth)
 19892 | Lair:4   | Reached skill level 15 in Long Blades
 19892 | Lair:4   | Reached XP level 14. HP: 126/126 MP: 13/15
 19924 | Lair:5   | Received a gift from Okawaru
 19969 | Lair:5   | Identified a +1 pair of boots of running (Okawaru gifted it
                  | to you on level 5 of the Lair of Beasts)
 20105 | Lair:5   | Found a staircase to the Slime Pits.
 20374 | Lair:5   | Got a shimmering quarterstaff
 20440 | Lair:5   | Identified the cursed +1 quarterstaff of the Forgotten Seas
                  | {flame, *Drain rPois rF++ Int+2} (You found it on level 5
                  | of the Lair of Beasts)
 20454 | Lair:6   | Entered Level 6 of the Lair of Beasts
 20739 | Lair:6   | Reached skill level 15 in Shields
 21153 | Lair:6   | Reached skill level 5 in Axes
 21570 | Lair:6   | Received a gift from Okawaru
 21670 | Lair:6   | Identified Yfimotse's Disquisition on Toxic Transmigration
 21993 | Lair:5   | You fall through a shaft!
 22356 | Orc:1    | Entered Level 1 of the Orcish Mines
 22681 | Orc:2    | Entered Level 2 of the Orcish Mines
 22813 | Orc:2    | Reached skill level 16 in Shields
 23637 | Orc:2    | Found a roughly hewn altar of Beogh.
 23734 | Orc:2    | Found Jiol's Book Emporium.
 23755 | Orc:2    | Reached XP level 15. HP: 123/136 MP: 16/16
 23768 | Orc:2    | Found Vaojus's Antique Armour Shoppe.
 24177 | Orc:2    | Noticed an orc warlord
 24201 | Orc:2    | Killed an orc warlord
 24369 | Orc:2    | Found Tohein's Armour Shoppe.
 24406 | Orc:2    | Found a roughly hewn altar of Beogh.
 24467 | Orc:2    | Found Atiur's Assorted Antiques.
 24613 | Orc:2    | Received a gift from Okawaru
 24753 | Orc:2    | Found a staircase to the Elven Halls.
 25499 | Elf:1    | Entered Level 1 of the Elven Halls
 25499 | Elf:1    | Found Cacurhir's Gadget Shop.
 26132 | Elf:1    | Found an ancient bone altar of Kikubaaqudgha.
 26387 | Elf:1    | Reached skill level 17 in Shields
 26955 | Elf:1    | Identified a scroll of acquirement
 27238 | Shoals:1 | Entered Level 1 of the Shoals
 27276 | Shoals:1 | Received a gift from Okawaru
 28399 | Shoals:2 | Reached XP level 16. HP: 129/147 MP: 17/17
 28512 | Shoals:2 | Reached skill level 15 in Armour
 29258 | Shoals:2 | Noticed Ilsuiw
 29275 | Shoals:2 | Found an opulent altar of Gozag.
 29300 | Shoals:2 | Killed Ilsuiw
 29300 | Shoals:2 | Received a gift from Okawaru
 29317 | Shoals:2 | Noticed Polyphemus
 29358 | Shoals:2 | Reached skill level 15 in Fighting
 29666 | Shoals:2 | Reached skill level 18 in Shields
 29675 | Shoals:2 | Killed Polyphemus
 30009 | Shoals:2 | HP: 4/149 [harpy (4)]
 31060 | Shoals:2 | Received a gift from Okawaru
 31061 | Shoals:2 | Got a polished chain mail {god gift}
 31163 | Shoals:2 | Identified the +1 chain mail "Qificadd" {Str+4} (Okawaru
                  | gifted it to you on level 2 of the Shoals)
 33292 | Shoals:4 | Entered Level 4 of the Shoals
 34118 | Shoals:4 | Reached skill level 19 in Shields
 34130 | Shoals:4 | HP: 3/150 [drowned by a drowned soul[a merfolk avatar]
                  | (11)]
 34132 | Shoals:4 | Drowned by a drowned soul

Skill      XL: |  1  2  3  4  5  6  7  8  9 10 11 12 13 14 15 16 |
---------------+-------------------------------------------------+-----
Shields        | 4 5 6 7 8 10 12 13 14 16 17 19 | 19.0
Fighting       | 4 5 6 7 9 10 12 13 14 15 | 15.7
Armour         | 4 5 7 9 10 11 12 14 15 | 15.7
Long Blades    | 3 4 6 7 9 10 12 13 14 15 16 | 16.9
Dodging        | 1 2 4 5 6 7 8 9 |  9.2
Stealth        | 1 2 3 |  3.5
Invocations    | 1 2 3 |  3.1
Axes           | 2 3 4 5 |  5.7
Evocations     | 1 |  1.2

Action                   |  1- 3 |  4- 6 |  7- 9 | 10-12 | 13-15 | 16-18 || total
-------------------------+-------+-------+-------+-------+-------+-------++-------
Melee: Long sword        |    59 |   119 |   471 |   158 |   342 |       ||  1149
       Headbutt          |     8 |    12 |   113 |   215 |   386 |   122 ||   856
       Falchion          |       |       |       |   589 |   669 |       ||  1258
       Battleaxe         |       |       |       |     9 |    35 |       ||    44
       Quick blade       |       |       |       |     5 |       |       ||     5
       Scimitar          |       |       |       |       |   232 |   414 ||   646
Invok: Heroism           |       |       |     2 |    14 |    10 |     7 ||    33
Evoke: Wand              |       |       |     4 |       |    12 |     8 ||    24
  Use: Potion            |       |     2 |     1 |     2 |     6 |     9 ||    20
       Scroll            |       |       |     5 |     5 |    20 |     6 ||    36
 Stab: Petrified         |       |       |       |       |       |     4 ||     4
  Eat: Chunk             |       |     3 |    17 |    22 |    30 |    15 ||    87
       Ration            |       |       |       |     2 |     3 |     1 ||     6
Armor: Scale mail        |    24 |    18 |       |    41 |       |       ||    83
       Chain mail        |       |    35 |   110 |    89 |   385 |   171 ||   790
       Fire dragon scale |       |       |    36 |    66 |       |       ||   102
Dodge: Dodged            |    18 |    37 |   103 |   195 |   477 |   192 ||  1022
       Deflected         |       |       |       |       |     8 |    39 ||    47
Block: Shield            |    21 |    71 |   249 |   477 |   805 |   509 ||  2132
       Reflection        |       |       |     4 |    13 |    26 |    78 ||   121
       Other             |       |       |       |     8 |       |       ||     8
       Rpst.: Long sword |     8 |    15 |    30 |    12 |    29 |       ||    94
       Falchion          |       |       |       |    33 |    59 |       ||    92
       Scimitar          |       |       |       |       |    10 |    33 ||    43
